Map: 어비설 리프 - 래더

Players

aLive - Winner!

  • Race: Terran Terran
  • Spawn Location: 5:00

TYTY (TY)

  • Race: Terran Terran
  • Spawn Location: 11:00

Event: IEM XI Katowice - World Championship 2017

VOD

Have the link to the VOD?

Description

Time

  • Played on: March 2, 2017, 4:31 a.m.
  • Length: 11:37

All games in this series

Show
View Real Time Build Order
Export as new Build Order

aLive Terran - Winner!

Build Orders: 1/1/1, Bio Tank 

Get SALT Encoding   

  12  0:00  SCV  
  13  0:13  SCV  
  14  0:17  Supply Depot  
  14  0:26  SCV  
  14  0:28  Refinery  
  15  0:38  SCV  
  16  0:44  Barracks  
  16  0:50  SCV  
  16  0:55  Refinery  
  17  1:03  SCV  
  18  1:15  SCV  
  19  1:31  Orbital Command  
  19  1:33  Factory  
  19  1:36  Reaper  
  20  1:46  Supply Depot  
  20  1:57  SCV  
  21  2:08  Reaper  
  21  2:09  SCV  
  23  2:16  Hellion  
  23  2:18  Starport  
  23  2:21  SCV  
  26  2:29  Supply Depot  
  26  2:33  SCV  
  27  2:40  Hellion  
  27  2:42  Barracks Tech Lab  
  29  2:45  SCV  
  30  2:57  SCV  
  31  3:07  Raven, Barracks Reactor  
  31  3:12  SCV  
  34  3:24  Command Center  
  34  3:32  Supply Depot, SCV  
  35  3:35  Cyclone  
  38  3:44  SCV  
  39  3:53  Marine x2, Raven  
  43  3:56  SCV  
  42  4:08  Cyclone  
  46  4:11  Supply Depot  
  46  4:16  Marine x2  
  47  4:32  SCV  
  47  4:33  Supply Depot  
  47  4:34  Marine x2  
  47  4:36  Orbital Command  
  50  4:39  Viking  
  50  4:40  Cyclone  
  55  4:46  SCV  
  55  4:52  Marine x2  
  58  4:58  SCV  
  57  5:03  SCV  
  58  5:07  Barracks  
  58  5:10  SCV  
  58  5:11  Barracks  
  59  5:15  SCV  
  59  5:18  Factory Tech Lab  
  60  5:22  SCV, Engineering Bay  
  60  5:25  Marine  
  60  5:26  Starport Reactor  
  60  5:27  Stimpack, SCV  
  63  5:34  SCV  
  64  5:39  SCV  
  65  5:43  Siege Tank  
  65  5:46  SCV  
  63  5:51  SCV  
  64  5:57  Terran Infantry Weapons Level 1  
  64  5:58  Supply Depot, SCV, Refinery  
  64  5:59  Refinery  
  64  6:03  SCV  
  65  6:10  SCV  
  61  6:15  SCV  
  61  6:17  Marine  
  59  6:22  SCV  
  59  6:24  Starport Reactor  
  59  6:25  Supply Depot  
  60  6:26  Marine x3  
  60  6:27  Marine, SCV  
  65  6:35  Marine, Siege Tank, SCV  
  65  6:39  SCV  
  71  6:46  Barracks  
  71  6:47  Supply Depot, SCV, Marine x4  
  72  6:48  Supply Depot  
  72  6:49  Barracks  
  76  6:59  Marine  
  76  7:00  Medivac x2  
  83  7:06  Supply Depot  
  83  7:08  Marine, Siege Tank  
  85  7:09  Marine  
  85  7:10  Supply Depot  
  85  7:11  Marine  
  85  7:12  Marine  
  88  7:21  Marine  
  89  7:28  Combat Shields  
  89  7:29  Marine  
  89  7:30  Marine x3  
  89  7:32  Medivac x2  
  89  7:36  Barracks Reactor  
  96  7:37  Barracks Reactor  
  96  7:38  Marine  
  97  7:47  Marine x2  
  97  7:48  Marine x2  
  97  7:50  Command Center  
  101  7:56  Marine  
  102  8:01  Terran Infantry Armor Level 1  
  102  8:03  Siege Tank  
  102  8:05  Marine x3  
  105  8:06  Marine  
  105  8:10  SCV x2  
  105  8:12  Supply Depot  
  111  8:13  Supply Depot  
  111  8:14  Marine  
  112  8:23  Marine x4  
  116  8:28  Marine x2  
  116  8:29  Marine x2, Medivac  
  116  8:30  Medivac  
  116  8:32  Marine  
  125  8:43  Marine x4  
  129  8:49  Marine x4, Siege Tank  
  129  8:50  Marine  
  122  9:08  Marine x5  
  116  9:12  Marine  
  116  9:13  Medivac x2  
  116  9:14  Orbital Command  
  118  9:21  Siege Tank  
  112  9:29  Marine x7  
  119  9:35  Marine  
  119  9:36  Marine  
  107  9:45  Medivac  
  107  9:46  SCV x2, Medivac  
  107  9:47  Marine, SCV  
  108  10:02  Marine x8  
  108  10:03  Siege Tank  
  108  10:06  Armory  
  111  10:09  Engineering Bay  
  111  10:18  Viking x2  
  114  10:26  Marine  
  114  10:27  Marine x8  
  110  10:44  Marine  
  110  10:45  Marine x7  
  110  10:47  Siege Tank  
  120  10:50  Viking  
  122  11:03  Marine x2  
  118  11:18  Sensor Tower  
Show
View Real Time Build Order
Export as new Build Order

TYTY Terran 

Build Orders: Cyclone Opening, Reaper Expand, Bio Tank 

Get SALT Encoding   

  12  0:00  SCV  
  13  0:12  SCV  
  14  0:18  Supply Depot  
  14  0:24  SCV  
  15  0:29  Refinery  
  15  0:40  SCV  
  16  0:44  Barracks  
  16  0:52  SCV  
  17  1:04  SCV  
  18  1:16  SCV  
  19  1:31  Orbital Command  
  19  1:32  Reaper  
  20  1:45  Command Center  
  20  1:58  Factory  
  20  1:59  SCV  
  21  2:06  Barracks Reactor  
  21  2:12  SCV  
  21  2:13  Supply Depot  
  22  2:17  Refinery  
  22  2:24  SCV  
  23  2:36  SCV  
  24  2:44  Cyclone  
  24  2:45  Marine x2  
  24  2:48  SCV  
  30  2:57  Orbital Command  
  30  3:00  SCV  
  30  3:03  Starport  
  31  3:06  Marine x2  
  32  3:13  SCV  
  32  3:17  Factory Tech Lab  
  33  3:23  SCV  
  33  3:25  SCV  
  33  3:26  Marine x2  
  36  3:35  SCV  
  36  3:36  Siege Tank  
  36  3:37  SCV  
  41  3:47  Viking, SCV  
  44  3:49  Supply Depot  
  44  3:52  SCV  
  44  3:53  Marine x2  
  46  4:01  SCV  
  46  4:04  SCV  
  46  4:11  Marine x2  
  48  4:18  SCV x2  
  48  4:22  Factory Tech Lab  
  50  4:24  Raven  
  50  4:27  Command Center  
  50  4:28  Supply Depot  
  50  4:30  SCV  
  53  4:33  SCV  
  53  4:38  Refinery x2  
  54  4:41  Supply Depot  
  54  4:49  Siege Tank, SCV x2  
  61  5:01  SCV x2  
  61  5:02  Supply Depot x2  
  61  5:04  Marine x2  
  63  5:13  SCV x2  
  65  5:18  Raven  
  67  5:22  Marine x2  
  67  5:25  Barracks x2  
  69  5:29  SCV x2  
  69  5:30  Siege Tank  
  74  5:39  Marine x2  
  74  5:41  SCV, Orbital Command  
  70  5:52  SCV  
  70  5:53  SCV  
  61  5:57  Marine x2  
  61  6:02  Siege Tank  
  65  6:04  SCV  
  65  6:05  SCV  
  65  6:10  SCV  
  63  6:15  Marine x2  
  63  6:16  SCV  
  63  6:17  SCV  
  69  6:22  SCV  
  69  6:24  Barracks Tech Lab  
  67  6:28  Starport Reactor, SCV  
  67  6:29  SCV  
  67  6:30  Marine, Stimpack  
  67  6:31  Orbital Command  
  70  6:34  Siege Tank  
  70  6:35  Engineering Bay  
  70  6:36  Engineering Bay  
  70  6:38  Marine x2  
  75  6:40  SCV  
  75  6:45  Marine, Combat Shields  
  77  6:47  Marine, SCV  
  77  6:52  SCV  
  80  6:56  Marine  
  80  6:57  SCV, Barracks  
  80  6:58  Barracks  
  80  7:00  SCV  
  83  7:03  Terran Infantry Armor Level 1, Terran Infantry Weapons Level 1  
  83  7:04  Marine x2  
  83  7:05  SCV  
  86  7:10  SCV  
  86  7:11  Supply Depot  
  86  7:12  SCV  
  91  7:17  SCV  
  91  7:18  Refinery  
  91  7:19  Marine  
  91  7:21  Medivac  
  91  7:22  SCV, Medivac  
  95  7:24  Marine x2, SCV  
  95  7:29  Marine  
  99  7:30  SCV  
  99  7:34  SCV  
  99  7:35  Siege Tank  
  99  7:36  Supply Depot, SCV  
  105  7:37  Marine  
  105  7:42  SCV  
  104  7:46  SCV, Barracks Reactor  
  104  7:47  Barracks Reactor  
  104  7:49  Marine  
  104  7:50  Marine  
  106  7:52  SCV  
  106  7:54  Missile Turret  
  106  7:56  Supply Depot  
  106  7:57  Supply Depot  
  106  7:58  Refinery, Medivac x2  
  108  8:00  Marine x2  
  113  8:07  Marine, SCV x2  
  113  8:08  SCV  
  117  8:14  Supply Depot x2  
  117  8:15  Supply Depot  
  117  8:18  Marine x2, Siege Tank  
  122  8:20  Supply Depot x2  
  122  8:21  Armory  
  122  8:23  Marine  
  122  8:24  Marine x3  
  126  8:28  Liberator x2  
  126  8:29  Marine x2  
  126  8:30  SCV  
  126  8:31  SCV  
  126  8:32  Sensor Tower, Missile Turret  
  124  8:46  Marine x2  
  124  8:47  Marine x2  
  129  8:51  Marine x2  
  129  8:53  SCV x2  
  133  9:02  Marine x2  
  124  9:04  Marine x2  
  124  9:05  SCV x2  
  106  9:12  Orbital Command  
  105  9:17  Marine, SCV x2  
  103  9:29  SCV  
  104  9:33  Siege Tank  
  107  9:42  Marine x2  
  107  9:43  SCV  
  107  9:44  SCV  
  110  9:58  Marine  
  96  10:00  Marine  
  96  10:01  Marine x2  
  96  10:03  Marine  
  96  10:04  Marine x3  
  99  10:11  Orbital Command  
  102  10:16  Marine  
  102  10:18  Marine  
  102  10:19  Marine  
  102  10:25  Marine x5  
  106  10:39  Marine x3  
  99  10:43  Marine x3  
  99  10:49  Siege Tank  
  95  10:53  Marine  
  94  10:57  Marine  
  94  11:01  Marine  
  94  11:02  Marine  
  84  11:09  Marine x2  
  86  11:15  Marine  
  87  11:18  Marine x2  

Tags
 
Add a new tag
Caveats
  • Supply blocks, unpowered buildings, or Contaminate may cause inaccurate times.
  • Supply counts are checked every 10 seconds.